Map: Disco Bloodbath LE

Players

Mez

  • Race: Terran Terran
  • League: Master
  • Spawn Location: 3:00

A.I. 1 (Very Easy) - Winner!

  • Race: Terran Terran
  • Spawn Location: 9:00

VOD

Have the link to the VOD?

Description

Time

  • Played on: Aug. 26, 2019, 9:17 p.m.
  • Length: 7:39
Show
View Real Time Build Order
Export as new Build Order

Mez Terran 

Build Orders: Gas First Reaper Expand, Liberator Opening 

Get SALT Encoding   

  12  0:01  SCV  
  13  0:13  SCV  
  14  0:18  Supply Depot  
  14  0:25  SCV  
  15  0:28  Refinery  
  15  0:40  SCV  
  16  0:45  Barracks  
  16  0:52  SCV  
  17  1:04  SCV  
  18  1:16  SCV  
  19  1:32  Reaper  
  21  1:35  Orbital Command  
  20  1:46  Command Center  
  19  2:03  Supply Depot  
  19  2:04  Supply Depot  
  19  2:06  Bunker  
  19  2:12  Marine  
  21  2:16  Factory  
  21  2:18  Supply Depot  
  21  2:19  Supply Depot, Refinery  
  20  2:25  SCV  
  21  2:31  Marine  
  22  2:39  SCV  
  23  2:51  SCV  
  23  2:52  Barracks Reactor  
  24  3:00  Factory Tech Lab  
  24  3:02  Starport  
  24  3:04  SCV  
  25  3:16  SCV  
  26  3:20  Cyclone  
  26  3:24  Liberator  
  29  3:28  SCV  
  30  3:35  Command Center  
  30  3:47  Marine x2  
  35  3:55  Cyclone  
  38  3:59  SCV  
  39  4:12  Marine x2  
Show
View Real Time Build Order
Export as new Build Order

A.I. 1 (Very Easy) Terran - Winner!

Build Orders:  

Get SALT Encoding   

  12  0:00  SCV  
  13  0:13  SCV  
  14  0:19  Supply Depot  
  14  0:37  Refinery  
  14  0:43  Barracks  
  14  1:02  Supply Depot  
  14  1:11  Refinery  
  14  1:29  Marine, Orbital Command  
  15  1:48  Barracks Tech Lab  
  15  1:55  SCV  
  16  2:07  SCV  
  17  2:12  Marine  
  18  2:19  SCV  
  19  2:31  SCV  
  20  2:44  SCV  
  21  2:55  Marauder  
  21  2:56  SCV  
  24  6:29  SCV  
  24  6:30  Marine, Supply Depot  
  26  6:33  Factory  
  26  6:36  Command Center  
  26  6:41  SCV  
  27  6:53  SCV, Supply Depot  
  28  7:04  Marine  
  28  7:05  SCV  
  30  7:19  Starport  
Tags
 
Add a new tag
Caveats
  • Supply blocks, unpowered buildings, or Contaminate may cause inaccurate times.
  • Supply counts are checked every 10 seconds.